 Dungeon Crawl Stone Soup version 0.27.1-1-g398f81649c (webtiles) character file.

Game seed: 8502019988265551129

1754 Atelerd the Digger (level 9, -1/51 HPs)
             Began as an Octopode Earth Elementalist on Sept 5, 2021.
             Was an Initiate of Sif Muna.
             Slain by Erica (14 damage)
             ... on level 8 of the Dungeon.
             The game lasted 00:18:48 (9556 turns).

Atelerd the Digger (Octopode Earth Elementalist)    Turns: 9556, Time: 00:18:49

Health: -1/51      AC:  1    Str:  8    XL:     9   Next: 6%
Magic:  15/18      EV: 13    Int: 20    God:    Sif Muna [......]
Gold:   418        SH:  0    Dex: 12    Spells: 12/20 levels left

rFire    . . .     SeeInvis .   q - +0 dagger (venom)
rCold    . . .     Faith    .   (no shield)
rNeg     . . .     Spirit   .   o - +0 hat
rPois    .         Reflect  .   (no amulet)
rElec    .         Harm     .   (no ring)
rCorr    .         Rampage  .   (no ring)
Will     .....                  (no ring)
Stlth    ++++......             (no ring)
HPRegen  0.17/turn              (no ring)
MPRegen  0.16/turn              (no ring)
                                (no ring)
                                (no ring)

@: no status effects
A: almost no armour, amphibious, 8 rings, camouflage 1, gelatinous body 1,
(nimble swimmer 1), tentacles
a: Renounce Religion


You were on level 8 of the Dungeon.
You worshipped Sif Muna.
Sif Muna was noncommittal.
You visited 2 branches of the dungeon, and saw 9 of its levels.

You collected 418 gold pieces.

Inventory:

Hand Weapons
 q - a +0 dagger of venom (weapon)
Missiles
 s - 13 stones
Armour
 o - a +0 hat (worn)
Magical Staves
 i - a staff of earth
Wands
 k - a wand of acid (8)
 l - a wand of polymorph (25)
 u - a wand of iceblast (10)
Scrolls
 a - a scroll of fear
 b - 2 scrolls of enchant weapon {unknown}
 d - a scroll of holy word
 j - 2 scrolls of teleportation
 m - 2 scrolls of immolation
 t - a scroll of summoning
 v - a scroll of amnesia
Potions
 c - a potion of magic {unknown}
 e - a potion of mutation {unknown}
 f - 2 potions of degeneration {unknown}
 g - a potion of curing
 h - a potion of attraction {unknown}
 n - 2 potions of heal wounds {unknown}
 p - a potion of brilliance {unknown}
 r - 2 potions of flight {unknown}


   Skills:
 - Level 2.0 Dodging
 - Level 5.0 Stealth
 + Level 6.0 Spellcasting
 + Level 6.3 Transmutations
 + Level 7.0 Earth Magic


You had 12 spell levels left.
You knew the following spells:

 Your Spells              Type           Power      Damage    Failure   Level
a - Sandblast             Erth           68%        2d15      1%          1
p - Petrify               Tmut/Erth      32%        N/A       7%          4
r - Stone Arrow           Conj/Erth      40%        3d9       8%          3

Your spell library contained the following spells:

 Spells                   Type           Power      Damage    Failure   Level
 Passwall                 Tmut/Erth      26%        N/A       1%          2


Dungeon Overview and Level Annotations

Branches:
Dungeon (8/15)             Temple (1/1) D:7
   Lair: D:8-11

Altars:
Kikubaaqudgha
Makhleb
Okawaru
Qazlal
Sif Muna
Wu Jian
The Shining One

Shops:
D:4 :

Annotations:
D:1 exclusion: downstairs
D:2 Terence
D:3 2 transporters, exclusion: 2 downstairs
D:4 3 runed translucent doors, NineInchNils's ghost, amateur OpBr
D:7 exclusions: killer bee and 1 more exclusion
D:8 Erica


Innate Abilities, Weirdness & Mutations

You cannot wear most types of armour.
You are amphibious.
You can wear up to eight rings at the same time.
Your skin changes colour to match your surroundings (Stealth+).
Your rubbery body absorbs attacks. (AC +1, EV +1)
((You are camouflaged near water. (Stealth+)))
You have tentacles for arms and can constrict up to eight enemies at once.


Message History

The blast of sand hits Erica!!
Erica is severely wounded.
You constrict Erica.
Erica hits you with a +2 scimitar of flaming!
* * * LOW HITPOINT WARNING * * *
Erica burns you.
* * * LOW HITPOINT WARNING * * *
Unknown command.
Unknown command.
You feel better.
You constrict Erica.
Erica hits you with a +2 scimitar of flaming.
* * * LOW HITPOINT WARNING * * *
Erica burns you.
* * * LOW HITPOINT WARNING * * *
Unknown command.
Unknown command.
You feel better.
You constrict Erica.
Erica mumbles some strange words.
Erica flickers and vanishes!
Deactivating autopickup; reactivate with Ctrl-A.
Unknown command.
Unknown command.
Casting: Sandblast (safe; 1% risk of failure)
Confirm with . or Enter, or press ? or * to list all spells.
Aiming: Petrify (dangerous; 7% risk of failure)
Press: ? - help, Shift-Dir - straight line, f - you
Okay, then.
Casting: Petrify (dangerous; 7% risk of failure)
Confirm with . or Enter, or press ? or * to list all spells.
Aiming: Sandblast (safe; 1% risk of failure)
Press: ? - help, Shift-Dir - straight line The blast of sand hits something.
You constrict something. Something hits you!
* * * LOW HITPOINT WARNING * * *
Something burns you.
* * * LOW HITPOINT WARNING * * *
Unknown command.
Unknown command.
Unknown command.
You feel better.
You constrict something. Something hits you!
You die...

#.########
#........#
########<#
#.#
#.########
#.@{......
##########


There were no monsters in sight!

Vanquished Creatures
  A water moccasin (D:5)
  An orc warrior (D:7)
  A black bear (D:6)
  An ice beast (D:6)
  A necrophage (D:5)
  2 ogres (D:4)
  5 wights (D:6)
  A bullfrog zombie (D:7)
  2 orc priests
  A hound (D:5)
  A jelly (D:6)
  A gnoll shaman (D:7)
  2 bullfrog skeletons
  A centaur skeleton (D:4)
  Natasha (thrice) (D:3)
  3 iguanas
  A scorpion zombie (D:5)
  7 orc wizards
  2 howler monkey zombies (D:5)
  8 adders
  8 gnolls
  A howler monkey skeleton (D:4)
  A white imp (D:5)
  A worm (D:2)
  A dart slug (D:1)
  19 orcs
  9 ball pythons
  7 bats
  7 endoplasms
  4 giant cockroaches
  6 goblins
  6 hobgoblins
  8 kobolds
  8 quokkas
  3 frilled lizards
  7 rats
141 creatures vanquished.

Notes
Turn   | Place    | Note
-------+----------+-------------------------------------------
     0 | D:1      | Atelerd the Octopode Earth Elementalist began the quest for
                  | the Orb.
     0 | D:1      | Reached XP level 1. HP: 11/11 MP: 3/3
   274 | D:1      | Reached XP level 2. HP: 17/17 MP: 3/5
  1141 | D:1      | Reached XP level 3. HP: 21/21 MP: 3/6
  1350 | D:1      | Found a faded altar of an unknown god.
  1556 | D:2      | Noticed Terence
  2073 | D:2      | Reached XP level 4. HP: 23/27 MP: 4/7
  2685 | D:3      | Found a transporter.
  2747 | D:3      | Reached XP level 5. HP: 29/31 MP: 5/9
  2844 | D:3      | Reached skill level 4 in Earth Magic
  3052 | D:3      | Found a transporter.
  3092 | D:3      | Noticed Natasha
  3106 | D:3      | Killed Natasha
  3176 | D:3      | Noticed Natasha
  3185 | D:3      | Killed Natasha
  3186 | D:3      | Reached XP level 6. HP: 36/36 MP: 7/10
  3521 | D:3      | Noticed Natasha
  3529 | D:3      | Killed Natasha
  3530 | D:3      | Reached skill level 5 in Stealth
  3723 | D:4      | Found a runed translucent gate.
  3723 | D:4      | Found a runed translucent gate.
  3723 | D:4      | Found a runed translucent gate.
  3727 | D:4      | Noticed NineInchNils's ghost (amateur OpBr)
  3830 | D:4      | Found Pyudy's Book Boutique.
  4320 | D:4      | Learned a level 4 spell: Petrify
  5280 | D:4      | Reached XP level 7. HP: 41/41 MP: 8/13
  5459 | D:4      | Reached skill level 5 in Earth Magic
  5596 | D:5      | Entered Level 5 of the Dungeon
  6046 | D:5      | Learned a level 3 spell: Stone Arrow
  6170 | D:6      | Reached XP level 8. HP: 42/46 MP: 6/15
  6601 | D:5      | Reached skill level 5 in Spellcasting
  6601 | D:5      | Reached skill level 5 in Transmutations
  6601 | D:5      | Reached skill level 6 in Earth Magic
  8337 | D:7      | Found a staircase to the Ecumenical Temple.
  8352 | Temple   | Entered the Ecumenical Temple
  8361 | Temple   | Became a worshipper of Sif Muna the Loreminder
  9254 | D:7      | Reached skill level 7 in Earth Magic
  9254 | D:7      | Reached XP level 9. HP: 15/51 MP: 9/18
  9537 | D:8      | Noticed Erica
  9556 | D:8      | Slain by Erica

Illustrated notes

Levels and vault maps discovered:
D:1:      dpeg_arrival_fog, layout_loops_corners,
          shapermc_ecumenical_altar_notcrosses
D:2:      layout_basic, serial_park_tiny_2, st_stairs_9, minmay_joined_circles,
          uniq_terence
D:3:      gammafunk_wand_slinger, layout_loops_ring, uniq_natasha
D:4:      layout_loops_ring, gammafunk_ghost_split, serial_shops,
          nicolae_shop_stone, hex_medium, minmay_misc_feat_encased
D:5:      layout_rooms
D:6:      layout_loops_ring
D:7:      layout_gridville, minmay_temple_entry_glassed_door, serial_shops, shop
D:8:      layout_loops_ring, serial_shops, nicolae_lakefront_shop,
          nicolae_shop_statue_plus, kennysheep_mini, enter_bailey_5, uniq_erica
Temple:   compressed_dpeg_circular_temple

Skill      XL: |  1  2  3  4  5  6  7  8 |
---------------+-------------------------+-----
Stealth        | 3 4 5 |  5.0
Transmutations | 2 3 4 6 |  6.3
Spellcasting   | 3 4 6 |  6.0
Earth Magic    | 4 5 7 |  7.0
Dodging        | |  2.0

Action                   |  1- 3 |  4- 6 |  7- 9 || total
-------------------------+-------+-------+-------++-------
Melee: Unarmed           |    38 |       |       ||    38
       Constrict         |    12 |    15 |    28 ||    55
       Tentacles         |    10 |    15 |    25 ||    50
       Dagger            |    12 |    68 |   100 ||   180
       Staff             |       |     5 |     4 ||     9
 Cast: Sandblast         |    42 |    57 |    43 ||   142
       Petrify           |       |     4 |    22 ||    26
       Stone Arrow       |       |       |     4 ||     4
  Use: Scroll            |       |       |     7 ||     7
       Potion            |       |       |     5 ||     5
 Stab: Sleeping          |     1 |    11 |     7 ||    19
       Distracted        |       |     1 |       ||     1
       Petrified         |       |     5 |    41 ||    46
       Petrifying        |       |       |     2 ||     2
Armor: Skin              |     6 |     6 |     4 ||    16
Dodge: Dodged            |    45 |    62 |    37 ||   144
